 Dungeon Crawl Stone Soup version 0.24-a0-366-gc1c896e988 (webtiles) character file.

Game seed: 11428812268741088355

398 Nautrax the Grave Robber (level 6, -2/45 HPs)
             Began as a Ghoul Necromancer on May 28, 2019.
             Killed by divine providence
             ... invoked by an orc priest
              (14 damage)
             ... on level 4 of the Dungeon.
             The game lasted 00:26:27 (3870 turns).

Nautrax the Grave Robber (Ghoul Necromancer)        Turns: 3870, Time: 00:26:27

Health: -2/45      AC:  3    Str: 12    XL:     6   Next: 83%
Magic:  0/9        EV: 13    Int: 12    God:
Gold:   152        SH:  0    Dex:  9    Spells: 10/11 levels left

rFire    . . .     SeeInvis .   g - +2 dagger (elec)
rCold    + . .     Gourm    .   (no shield)
rNeg     + + +     Faith    .   a - +1 robe
rPois    ∞         Spirit   .   (no helmet)
rElec    .         Reflect  .   (no cloak)
rCorr    .         Harm     .   (no gloves)
MR       .....                  (no boots)
Stlth    ++........             (no amulet)
HPRegen  0.00/turn              (no ring)
MPRegen  0.11/turn              (no ring)

@: rotting
A: rotting body, claws 1, carnivore, cold resistance 1, negative energy
resistance 3, inhibited regeneration, torment resistance, unbreathing
a: no special abilities


You were on level 4 of the Dungeon.
You were not hungry.

You visited 1 branch of the dungeon, and saw 4 of its levels.

You collected 152 gold pieces.

Inventory:

Hand Weapons
 b - a +0 dagger
 g - a +2 dagger of electrocution (weapon)
Armour
 a - a +1 robe (worn)
Jewellery
 d - an uncursed ring of magical power {unknown}
 n - an uncursed ring of see invisible {unknown}
 q - an uncursed ring of wizardry {unknown}
Scrolls
 h - a scroll of teleportation
Potions
 e - a potion of flight {unknown}
 f - a potion of heal wounds
 i - 2 potions of haste {unknown}
 j - a potion of cancellation {unknown}
 k - 3 potions of curing {unknown}
 m - a potion of degeneration {unknown}
Comestibles
 c - 5 rations


   Skills:
 - Level 0.2 Fighting
 + Level 3.1 Dodging
 + Level 4.0 Stealth
 + Level 3.0 Spellcasting
 * Level 5.9 Necromancy


You had 10 spell levels left.
You knew the following spells:

 Your Spells              Type           Power        Failure   Level  Hunger
a - Pain                  Necr           ###.         1%          1    #......

Your spell library contained the following spells:

 Spells                   Type           Power        Failure   Level  Hunger
 Animate Skeleton         Necr           N/A          1%          1    #......
 Vampiric Draining        Necr           ###.......   6%          3    ###....
 Animate Dead             Necr           N/A          21%         4    #####..
 Regeneration             Chrm/Necr      #.........   22%         3    ###....
 Apportation              Tloc           #.....       24%         1    #......
 Confusing Touch          Hex            #.....       24%         1    #......
 Summon Small Mammal      Summ           #...         24%         1    #......


Dungeon Overview and Level Annotations

Branches:
Dungeon (4/15)
 Temple: D:4-7

Altars:
Xom

Shops:
D:4 ?=


Innate Abilities, Weirdness & Mutations

Your body is rotting away.
You thrive on raw meat.
You are immune to poison.
You have sharp fingernails.
You are carnivorous and can eat meat at any time.
Your flesh is cold resistant. (rC+)
You are immune to negative energy. (rN+++)
You do not regenerate when monsters are visible.
You are immune to unholy pain and torment.
You can survive without breathing.


Message History

Press: ? - help, Shift-Dir - straight line, f/p - ogre
Aim: an ogre, wielding a +0 giant club (severely wounded, chance to defeat MR: 73%)
The ogre struggles to resist.
The orc priest closely misses you.
You hit the ogre. Lightning courses through the ogre!
You kill the ogre!
Your Dodging skill increases to level 3!
Your Stealth skill increases to level 4!
Your Spellcasting skill increases to level 3!
The orc priest hits you with a +0 dagger.
* * * LOW HITPOINT WARNING * * *
Unknown command.
Casting: Pain (safe; 1% risk of failure)
Confirm with . or Enter, or press ? or * to list all spells.
Aiming: Pain (safe; 1% risk of failure)
Press: ? - help, Shift-Dir - straight line, f - orc priest
Aim: an orc priest, wielding a +0 dagger (chance to defeat MR: 75%)
The orc priest struggles to resist.
The orc priest calls down the wrath of Beogh upon you.
Beogh smites you!
You die...

#.....# ###.## ..
#....#####....###...##
##.###...............
##.................#..
......###...........#
########............##
##............##
##..........).##
#......@)...$.#
#.......o..#).#
#.##.......##.)..
#..###....### #.....
#.## ###### ..... .#
.... .. ... ...


You could see an orc priest.

Vanquished Creatures
  An ogre (D:4)
  3 orc priests (D:3)
  2 orc wizards (D:4)
  5 adders
  An ooze (D:1)
  An adder skeleton (D:3)
  A worm (D:2)
  3 dart slugs
  2 leopard geckos (D:1)
  11 orcs
  11 goblins
  4 hobgoblins
  5 jackals
  9 bats
  10 frilled lizards
  7 giant cockroaches
  6 kobolds
  12 rats
94 creatures vanquished.

Notes
Turn   | Place    | Note
-------+----------+-------------------------------------------
     0 | D:1      | Nautrax the Ghoul Necromancer began the quest for the Orb.
     0 | D:1      | Reached XP level 1. HP: 14/14 MP: 2/2
   139 | D:1      | Reached XP level 2. HP: 14/20 MP: 0/3
   655 | D:1      | HP: 1/20 [jackal (3)]
  1006 | D:1      | Reached XP level 3. HP: 17/26 MP: 0/5
  1943 | D:2      | Reached XP level 4. HP: 33/33 MP: 2/6
  2857 | D:3      | Reached skill level 5 in Necromancy
  3089 | D:3      | Reached XP level 5. HP: 38/38 MP: 1/7
  3260 | D:3      | Found a shimmering altar of Xom.
  3261 | D:3      | Found a shimmering altar of Xom.
  3261 | D:3      | Found a shimmering altar of Xom.
  3262 | D:3      | Found a shimmering altar of Xom.
  3263 | D:3      | Found a shimmering altar of Xom.
  3483 | D:4      | Found Tudougij's Jewellery Boutique.
  3503 | D:4      | Found Tiylaut's Magic Scroll Shop.
  3513 | D:4      | Reached XP level 6. HP: 43/45 MP: 4/9
  3870 | D:4      | Killed from afar by an orc priest

Levels and vault maps discovered:
D:1:      minmay_arrival_doors, layout_basic, minmay_misc_feat_room, st_stairs_2
D:2:      layout_loops_corners
D:3:      minmay_chambers_of_twos, layout_rooms, xom_redecorated
D:4:      layout_cave_pods, serial_shops, nicolae_shop_stone, shop, shop,
          shop_fountains

Skill      XL: |  1  2  3  4  5  6 |
---------------+-------------------+-----
Dodging        | 2 3 |  3.1
Spellcasting   | 2 3 |  3.0
Stealth        | 3 4 |  4.0
Necromancy     | 5 |  5.9
Fighting       | |  0.2

Action                   |  1- 3 |  4- 6 || total
-------------------------+-------+-------++-------
Melee: Unarmed           |    33 |       ||    33
       Dagger            |    52 |    54 ||   106
 Cast: Pain              |    60 |    94 ||   154
  Use: Potion            |     1 |       ||     1
       Scroll            |     1 |     6 ||     7
 Stab: Sleeping          |       |     1 ||     1
  Eat: Ration            |     1 |       ||     1
       Chunk             |     4 |    15 ||    19
Armor: Robe              |    25 |    11 ||    36
Dodge: Dodged            |    95 |    38 ||   133

Table legend:
 A = Non-vault XP
 B = Vault XP
 C = Vault XP percentage of total XP
 D = Non-vault monster count
 E = Vault monster count
 F = Vault count percentage of total count
                 A         B        C        D         E       F
            +---------+---------+-------+---------+---------+-------
      Total |     555 |      14 |   2.5 |      84 |      10 |  10.6
            +---------+---------+-------+---------+---------+-------
        D:1 |      58 |       2 |   3.3 |      31 |       2 |   6.1
        D:2 |      42 |       0 |   0.0 |      18 |       0 |   0.0
        D:3 |     199 |      12 |   5.7 |      24 |       8 |  25.0
        D:4 |     256 |       0 |   0.0 |      11 |       0 |   0.0
            +---------+---------+-------+---------+---------+-------
